 Dungeon Crawl Stone Soup version 0.31-a0-271-gb88eb75e06 (webtiles) character file.

Game seed: 208352549612309066

260 cforsyth the Insei (level 6, -2/48 HPs)
             Began as a Meteoran Shapeshifter on July 14, 2023.
             Slain by an iguana (4 damage)
             ... on level 4 of the Dungeon.
             The game lasted 00:06:36 (1538 turns).

cforsyth the Insei (Meteoran Shapeshifter)          Turns: 1538, Time: 00:06:36

Health: -2/48      AC: 10    Str: 17    XL:     6   Next: 69%
Magic:  7/7        EV:  5    Int:  9    God:
Gold:   147        SH:  0    Dex: 17    Spells: 5/5 levels left

rFire   . .          .
                       - Unarmed
rCold   . . .        (no shield)
rNeg    . . .        g - +0 plate armour
rPois   .            (helmet currently unavailable)
rElec   .            (cloak currently unavailable)
rCorr   .            (gloves currently unavailable)
SInv    .            (boots currently unavailable)
Will    .....        (no amulet) Stlth
                     (no ring)
HPRegen 0.28/turn    (no ring)
MPRegen 0.10/turn

%: no passive effects
@: beast-form, glowing
A: beast (slay +3), sense surroundings 1, otherworldly, glowing, explore regen
a: Begin Untransformation


You were on level 4 of the Dungeon.
You were a hulking beast.
You visited 1 branch of the dungeon, and saw 4 of its levels.

You collected 147 gold pieces.

Inventory:

Armour
 a - a +0 animal skin
 g - a +0 plate armour (worn)
Jewellery
 r - a ring of positive energy
Talismans
 c - a beast talisman
 j - a granite talisman
Scrolls
 d - 3 scrolls of amnesia {unknown}
 e - a scroll of enchant armour {unknown}
 f - a scroll of fear {unknown}
 h - a scroll of noise {unknown}
 k - 4 scrolls of teleportation {unknown}
 m - a scroll of acquirement {unknown}
 t - a scroll of enchant weapon {unknown}
 u - a scroll of brand weapon {unknown}
Potions
 b - 2 potions of lignification
 i - 2 potions of curing {unknown}
 l - 2 potions of brilliance {unknown}
 n - 2 potions of berserk rage {unknown}
 o - a potion of mutation {unknown}
 p - a potion of invisibility {unknown}
 q - 3 potions of degeneration {unknown}
 s - 2 potions of heal wounds {unknown}


   Skills:
 - Level 2.1 Fighting
 - Level 2.4 Dodging
 + Level 5.6 Unarmed Combat
 + Level 5.6 Shapeshifting


You had 5 spell levels left.
You didn't know any spells.
Your spell library contained the following spells:

 Spells                   Type           Power      Damage    Failure   Level
 Inner Flame              Hex/Fire       0%         N/A       100%        3
 Flame Wave               Conj/Fire      0%         2d4       100%        4
 Sticky Flame             Conj/Fire      0%         2d3       100%        4


Dungeon Overview and Level Annotations

Branches:
Dungeon (4/15) Zot: 867
 Temple: D:4-7

Altars:
Cheibriados
Trog

Shops:
D:2 ?


Innate Abilities, Weirdness & Mutations

You are a hulking beast.
Your limbs bulge with bestial killing power. (Slay +3)
You passively map a small area around you.
You are easily found by Zot.
You glow in the dark.
You regain HP and MP as you explore.


Message History

The orc wizard hits you with a +2 dagger of holy wrath.
Unknown command.
You hit the orc wizard.
The orc wizard is lightly wounded.
The orc wizard hits you but does no damage.
The iguana completely misses you.
You bump into the rock wall.
The iguana hisses menacingly.
The iguana bites you but does no damage.
The orc wizard casts a spell at you. The puff of flame hits you.
You bump into the rock wall.
The orc wizard barely misses you.
The iguana bites you but does no damage.
You hit the orc wizard.
The orc wizard is heavily wounded.
The orc wizard hits you with a +2 dagger of holy wrath.
The iguana bites you.
Unknown command.
You hit the orc wizard.
The orc wizard is severely wounded.
The iguana bites you. The orc wizard barely misses you.
You hit the orc wizard.
You kill the orc wizard!
You feel less confused. The iguana bites you!
You closely miss the iguana.
The iguana bites you but does no damage.
You hit the iguana.
The iguana is lightly wounded.
The iguana bites you but does no damage.
You hit the iguana.
The iguana is moderately wounded.
The iguana barely misses you.
You hit the iguana.
The iguana is moderately wounded.
The orc priest mumbles some strange prayers to Beogh against you.
Beogh smites you!
* * * LOW HITPOINT WARNING * * *
The iguana bites you.
You die...

####.#.###.# *,
#.#.# #.# ,
..#o# #.# , *
##.#.# #.# *
#>#o# #.# *
#.#.# #.# #.#.#
#.# , *
#.#.###.# *
.#####h#.##..#
,
#......)lo##.##
*
........####.#
* ######### #.#
* #.# * #.# *
######.# * ,
#......# ,
#.######


You could see an iguana and an orc priest.

Vanquished Creatures
  A hound (D:4)
  An orc priest (D:4)
  3 orc wizards (D:4)
  8 adders
  A white imp (D:3)
  2 worms
  2 orcs (D:4)
  4 bats
  4 endoplasms
  2 giant cockroaches
  2 hobgoblins (D:3)
  2 quokkas (D:1)
  10 ball pythons
  2 frilled lizards (D:2)
  5 kobolds
  A rat (D:1)
50 creatures vanquished.

Notes
Turn   | Place    | Note
-------+----------+-------------------------------------------
     0 | D:1      | cforsyth the Meteoran Shapeshifter began the quest for the
                  | Orb.
     0 | D:1      | Reached XP level 1. HP: 17/17 MP: 2/2
   166 | D:1      | Reached XP level 2. HP: 23/24 MP: 3/3
   358 | D:2      | Reached XP level 3. HP: 27/29 MP: 4/4
   412 | D:2      | Found a faded altar of an unknown god.
   440 | D:2      | Reached XP level 4. HP: 36/36 MP: 5/5
   620 | D:2      | Found Xanoi's Magic Scroll Emporium.
   901 | D:3      | Found a snail-covered altar of Cheibriados.
  1019 | D:3      | Found a bloodstained altar of Trog.
  1222 | D:3      | Reached XP level 5. HP: 39/41 MP: 6/6
  1367 | D:4      | Reached skill level 5 in Shapeshifting
  1404 | D:4      | Reached skill level 5 in Unarmed Combat
  1404 | D:4      | Reached XP level 6. HP: 39/48 MP: 7/7
  1538 | D:4      | HP: 2/48 [orc priest/divine providence (15)]
  1538 | D:4      | Slain by an iguana

Illustrated notes

Levels and vault maps discovered:
D:1:      dpeg_arrival_pits, layout_basic, minmay_octomino_c4
D:2:      layout_rooms, serial_shops, shop,
          hellmonk_ecumenical_altar_leap_of_faith, grunt_decor_cap,
          minmay_misc_feat_ornament
D:3:      layout_basic, cheibriados_altar_1, bloody_trog, minmay_snake_closets
D:4:      layout_loops_ring

Skill      XL: |  1  2  3  4  5 |
---------------+----------------+-----
Unarmed Combat | 3 4 5 |  5.6
Shapeshifting  | 4 5 |  5.6
Fighting       | |  2.1
Dodging        | |  2.4

Action                     |  1- 3 |  4- 6 || total
---------------------------+-------+-------++-------
  Melee: Unarmed           |    51 |   114 ||   165
         Punch             |       |     2 ||     2
 Armour: Plate armour      |    41 |    58 ||    99
         Animal skin       |     1 |       ||     1
         Skin              |     4 |       ||     4
  Dodge: Dodged            |    17 |    20 ||    37
   Form: Statue            |     1 |       ||     1
         Beast             |     1 |       ||     1

Table legend: (Time is in decaauts)
 A = Elapsed time spent in this place.
 B = Non-inter-level travel time spent in this place.
 C = Inter-level travel time spent in this place.
 D = Time resting spent in this place.
 E = Time spent auto-exploring this place.
 F = Levels seen in this place.
 G = Mean time per level.
                   A        B        C        D        E       F      G
               +--------+--------+--------+--------+--------+-----+--------+
         Total |   1532 |   1514 |     18 |      0 |    727 |   4 |  383.0 |
       Dungeon |   1532 |   1514 |     18 |      0 |    727 |   4 |  383.0 |
               +--------+--------+--------+--------+--------+-----+--------+

Top non-repeatable levels by time:
     D:3: 580 daAuts
     D:2: 416 daAuts
     D:1: 348 daAuts
     D:4: 186 daAuts
